 Dungeon Crawl Stone Soup version 0.29.1-15-g9cfb28693d (webtiles) character file.

Game seed: 6081397473976926288

121 dmks the Conjurer (level 4, 0/34 HPs)
             Began as a Draconian Conjurer on Mar 4, 2023.
             Slain by an iguana (4 damage)
             ... on level 3 of the Dungeon.
             The game lasted 00:08:58 (3009 turns).

dmks the Conjurer (Draconian Conjurer)              Turns: 3009, Time: 00:08:59

Health: 0/34       AC:  7    Str: 10    XL:     4   Next: 76%
Magic:  8/8        EV: 12    Int: 20    God:
Gold:   92         SH:  0    Dex:  9    Spells: 5/8 levels left

rFire   . . .      SeeInvis .   j - +0 whip
rCold   . . .      Faith    .   (no shield)
rNeg    . . .      Spirit   .   (body armour unavailable)
rPois   .          Reflect  .   (helmet restricted)
rElec   .          Harm     .   p - scarf {shadows}
rCorr   .          Rampage  .   n - +1 Delatra's gloves {ID++}
Will    .....                   (no boots)
Stlth   ++........              c - amulet of magic regeneration
HPRegen 0.11/turn               f - ring of wizardry
MPRegen 0.51/turn               (no ring)

@: no status effects
A: AC +5, unfitting armour, cold-blooded
a: no special abilities


You were on level 3 of the Dungeon.
You visited 1 branch of the dungeon, and saw 3 of its levels.

You collected 92 gold pieces.

Inventory:

Hand Weapons
 j - a +0 whip (weapon)
Armour
 n - the +1 Delatra's gloves (worn) {ID++}
   (You found it on level 2 of the Dungeon)

   It heals its wearer when they drink unknown potions.
   It restores its wearer's MP when they read unknown scrolls.
 p - a scarf of shadows (worn)
Jewellery
 c - an amulet of magic regeneration (around neck)
 f - a ring of wizardry (left hand)
Scrolls
 g - 4 scrolls of identify {unknown}
 h - a scroll of noise {unknown}
 k - a scroll of teleportation {unknown}
 m - 2 scrolls of immolation {unknown}
 o - a scroll of enchant armour {unknown}
 q - a scroll of fog {unknown}
 s - a scroll of brand weapon {unknown}
Potions
 a - a potion of magic
 b - 2 potions of ambrosia {unknown}
 d - a potion of lignification {unknown}
 e - a potion of curing {unknown}
 i - a potion of heal wounds {unknown}
 l - 3 potions of might {unknown}
 r - 2 potions of invisibility


   Skills:
 + Level 0.5 Fighting
 + Level 0.7 Maces & Flails
 + Level 2.3 Dodging
 * Level 2.8 Stealth
 * Level 2.9 Spellcasting
 + Level 4.6 Conjurations


You had 5 spell levels left.
You knew the following spells:

 Your Spells              Type           Power      Damage    Failure   Level
a - Magic Dart            Conj           84%        1d7       1%          1
b - Searing Ray           Conj           42%        2d6       1%          2

Your spell library contained the following spells:

 Spells                   Type           Power      Damage    Failure   Level
 Slow                     Hex            8%         N/A       6%          1
 Dazzling Flash           Conj/Hex       24%        N/A       7%          3
 Stone Arrow              Conj/Erth      24%        3d8       7%          3
 Confusing Touch          Hex            2%         N/A       17%         3
 Vampiric Draining        Necr           2%         2d6       17%         3
 Fulminant Prism          Conj/Hex       6%         3d7       22%         4
 Iskenderun's Mystic Bla  Conj/Tloc      12%        2d5       22%         4
 Lehudib's Crystal Spear  Conj/Erth      6%         10d3      100%        8
 Animate Armour           Summ/Erth      Unusable   N/A       N/A         4

Dungeon Overview and Level Annotations

Branches:
Dungeon (3/15)

Altars:


Innate Abilities, Weirdness & Mutations

Your plain brown scales are hard. (AC +5)
You cannot fit into any form of body armour.
You are cold-blooded and may be slowed by cold attacks.


Message History

The searing ray hits the orc.
You kill the orc!
The searing ray hits the orc.
You kill the orc!
The searing ray hits the orc.
The orc is heavily wounded.
A goblin comes into view. It is wielding a +0 dagger.
The searing ray hits the orc.
You kill the orc!
You finish channelling your searing ray.
Casting: Searing Ray (safe; 1% risk of failure)
Confirm with . or Enter, or press ? or * to list all spells.
Aiming: Searing Ray (safe; 1% risk of failure)
Press: ? - help, Shift-Dir - straight line, f - goblin
Aim: a goblin, wielding a +0 dagger (72% to hit)
The searing ray hits the goblin!
You kill the goblin!
The searing ray hits the orc.
The orc is severely wounded. (Press . to maintain the ray.)
An iguana comes into view.
The searing ray hits the orc!
You kill the orc!
The searing ray hits the iguana but does no damage.
The searing ray hits the iguana!
The iguana is heavily wounded.
You finish channelling your searing ray.
The iguana bites you but does no damage.
The iguana bites you!
The orc priest shouts!
The iguana attacks as you move away! The iguana bites you!
The iguana attacks as you move away!
The iguana bites you but does no damage.
The iguana attacks as you move away! The iguana bites you.
The iguana attacks as you move away! The iguana bites you!
* * * LOW HITPOINT WARNING * * *
The iguana attacks as you move away! The iguana misses you.
There is a stone staircase leading up here.
The iguana bites you.
You die...

#..>. $
...............
....# .#
##.........### . #..
.. #.........#
#.##.........#
.##...........##
.....##.......#
......#.o.....#
###...l.......# #
.....#@.......# #.
>... #.....#.## ##.
#......#.#.#... ..#
#......#.#.#######
#. ####.###.........
#.
#.####....#)#######.
#.#.....<...........
...................
...................


You could see an iguana and an orc priest.

Vanquished Creatures
  Natasha (D:2)
  An orc wizard (D:2)
  A worm (D:2)
  11 orcs
  5 bats
  6 endoplasms
  2 giant cockroaches
  9 goblins
  2 hobgoblins
  6 kobolds
  3 quokkas
  3 ball pythons
  A frilled lizard (D:2)
  4 rats
55 creatures vanquished.

Notes
Turn   | Place    | Note
-------+----------+-------------------------------------------
     0 | D:1      | dmks the Draconian Conjurer began the quest for the Orb.
     0 | D:1      | Reached XP level 1. HP: 14/14 MP: 3/3
   185 | D:1      | Found a faded altar of an unknown god.
   265 | D:1      | Reached XP level 2. HP: 20/20 MP: 5/5
  1283 | D:2      | Noticed Natasha
  1520 | D:2      | Reached XP level 3. HP: 20/26 MP: 6/6
  1636 | D:2      | Learned a level 2 spell: Searing Ray
  1955 | D:2      | Killed Natasha
  2006 | D:2      | Found the +1 Delatra's gloves {ID++}
  2009 | D:2      | Reached XP level 4. HP: 26/34 MP: 4/7
  3009 | D:3      | Slain by an iguana

Illustrated notes

Levels and vault maps discovered:
D:1:      lemuel_arrival_muddy, layout_loops_ring,
          dreamdust_ecumenical_altar_grove, nicolae_figureground_sparkle
D:2:      layout_basic, minmay_misc_feat_five, pf_guarded_unrand_delatra,
          uniq_natasha
D:3:      layout_basic, mainiacjoe_overflow_swirl, serial_shops, shop

Skill      XL: |  1  2  3 |
---------------+----------+-----
Stealth        | 2 |  2.8
Dodging        | 2 |  2.3
Fighting       | |  0.5
Maces & Flails | |  0.7
Spellcasting   | |  2.9
Conjurations   | |  4.6

Action                   |  1- 3 |  4- 6 || total
-------------------------+-------+-------++-------
Melee: Club              |    26 |       ||    26
       Unarmed           |     1 |       ||     1
       Whip              |    81 |    21 ||   102
       Tailslap          |     7 |     3 ||    10
 Cast: Magic Dart        |    35 |     8 ||    43
       Searing Ray       |     3 |     6 ||     9
  Use: Scroll            |     1 |       ||     1
 Stab: Sleeping          |     2 |       ||     2
Armor: Skin              |    34 |    11 ||    45
Dodge: Dodged            |    89 |    31 ||   120
